 Dungeon Crawl Stone Soup version 0.26.1-2-gb8aa6d0cf2 (webtiles) character file.

Game seed: 9816827071958297472

37 jmmainvi the Slasher (level 3, -1/25 HPs)
             Began as a Gnoll Wanderer on Mar 2, 2021.
             Slain by a sky beast (6 damage)
             ... on level 2 of the Dungeon.
             The game lasted 00:02:52 (1602 turns).

jmmainvi the Slasher (Gnoll Wanderer)               Turns: 1602, Time: 00:02:52

Health: -1/25      AC:  2    Str: 15    XL:     3   Next: 41%
Magic:  7/7        EV: 13    Int: 14    God:
Gold:   43         SH:  0    Dex: 14    Spells: 7/7 levels left

rFire    . . .     SeeInvis .   a - +2 falchion
rCold    . . .     Faith    .   (no shield)
rNeg     . . .     Spirit   .   d - +0 robe
rPois    .         Reflect  .   (no helmet)
rElec    .         Harm     .   (no cloak)
rCorr    .         Rampage  .   (no gloves)
Will     .....                  (no boots)
Stlth    ++........             (no amulet)
HPRegen  0.08/turn              (no ring)
MPRegen  0.10/turn              (no ring)

@: no status effects
A: distributed training, fangs 1, strong nose
a: no special abilities


You were on level 2 of the Dungeon.
You visited 1 branch of the dungeon, and saw 2 of its levels.

You collected 43 gold pieces.

Inventory:

Hand Weapons
 a - a +2 falchion (weapon)
 b - a +0 hunting sling
Missiles
 m - 8 stones
 n - 8 boomerangs (quivered)
Armour
 d - a +0 robe (worn)
Jewellery
 k - an uncursed ring of resist corrosion {unknown}
Scrolls
 c - 2 scrolls of teleportation
 f - 2 scrolls of remove curse {unknown}
 g - a scroll of blinking {unknown}
 j - 3 scrolls of random uselessness {unknown}
Potions
 e - a potion of haste {unknown}
 h - a potion of berserk rage {unknown}
 i - 2 potions of degeneration {unknown}
 l - a potion of lignification


   Skills:
 + Level 0.8 Fighting
 + Level 0.8 Short Blades
 + Level 6.5 Long Blades
 + Level 0.8 Axes
 + Level 0.8 Maces & Flails
 + Level 0.8 Polearms
 + Level 0.8 Staves
 + Level 0.8 Slings
 + Level 0.8 Bows
 + Level 0.8 Crossbows
 + Level 0.8 Throwing
 + Level 0.8 Armour
 + Level 2.6 Dodging
 + Level 2.4 Stealth
 + Level 2.6 Shields
 + Level 0.8 Unarmed Combat
 + Level 2.8 Spellcasting
 + Level 0.5 Conjurations
 + Level 0.5 Hexes
 + Level 3.7 Summonings
 + Level 0.5 Necromancy
 + Level 0.5 Translocations
 + Level 0.5 Transmutations
 + Level 0.5 Fire Magic
 + Level 0.5 Ice Magic
 + Level 0.5 Air Magic
 + Level 0.5 Earth Magic
 + Level 0.5 Poison Magic
 + Level 1.0 Invocations
 + Level 2.6 Evocations


You had 7 spell levels left.
You didn't know any spells.
Your spell library was empty.

Dungeon Overview and Level Annotations

Branches:
Dungeon (2/15)

Altars:


Innate Abilities, Weirdness & Mutations

Your experience applies equally to all skills.
You have very sharp teeth.
Your uncanny sense of smell can sniff out nearby items.


Message History

The worm is severely wounded.
The worm barely misses you.
You riposte.
You barely miss the worm. You bite the worm, but do no damage.
The worm is severely wounded.
You hit the worm. You bite the worm.
You kill the worm!
Your Invocations skill increases to level 1!
You open the door.
A sky beast comes into view.
Found a whip.
Found a grey potion and a silvery potion.
There is an open door here.
A worm comes into view.
The sky beast hits you. The sky beast shocks you.
You barely miss the sky beast. The sky beast hits you.
The sky beast shocks you. The sky beast hits you.
* * * LOW HITPOINT WARNING * * *
The sky beast shocks you.
You die...

#.#.# #.#.# ∆ .w. #.#.#
... #.#.# .... #.#.#
....# #.#†# ####+#.....
########'#.####..........
..............'.....)....
..........#...#.@Y.......
..........+...+..........
..........#...#..........
..........#...#......#+##
..........#...#........
..........#...#........#
###+#'##+##...#...!.!....
.#.....#..+ +..########
.#........#


You could see a sky beast.

Vanquished Creatures
  An ooze (D:1)
  A worm (D:2)
  A leopard gecko (D:1)
  2 giant cockroaches (D:1)
  4 goblins (D:1)
  3 hobgoblins (D:1)
  7 kobolds (D:1)
  A quokka (D:2)
  4 bats (D:1)
  A frilled lizard (D:1)
  4 rats (D:1)
29 creatures vanquished.

Notes
Turn   | Place    | Note
-------+----------+-------------------------------------------
     0 | D:1      | jmmainvi the Gnoll Wanderer began the quest for the Orb.
     0 | D:1      | jmmainvi set off with the following items: a +2 falchion, a
                  | potion of lignification, a scroll of teleportation, a +0
                  | robe
     0 | D:1      | Reached XP level 1. HP: 13/13 MP: 4/4
   250 | D:1      | Reached XP level 2. HP: 19/19 MP: 5/5
   925 | D:1      | Reached XP level 3. HP: 21/25 MP: 7/7
  1593 | D:2      | Reached skill level 1 in Invocations
  1596 | D:2      | Noticed a sky beast
  1602 | D:2      | Slain by a sky beast

Illustrated notes

Levels and vault maps discovered:
D:1:      dpeg_arrival_refuge, layout_loops_corners
D:2:      layout_basic, nicolae_overflow_hidden_temple, marbit_many_paths,
          uniq_crazy_yiuf_cottage

Skill      XL: |  1  2  3 |
---------------+----------+-----
Invocations    | 1 |  1.0
Fighting       | |  0.8
Short Blades   | |  0.8
Long Blades    | |  6.5
Axes           | |  0.8
Maces & Flails | |  0.8
Polearms       | |  0.8
Staves         | |  0.8
Slings         | |  0.8
Bows           | |  0.8
Crossbows      | |  0.8
Throwing       | |  0.8
Armour         | |  0.8
Dodging        | |  2.6
Stealth        | |  2.4
Shields        | |  2.6
Unarmed Combat | |  0.8
Spellcasting   | |  2.8
Conjurations   | |  0.5
Hexes          | |  0.5
Summonings     | |  3.7
Necromancy     | |  0.5
Translocations | |  0.5
Transmutations | |  0.5
Fire Magic     | |  0.5
Ice Magic      | |  0.5
Air Magic      | |  0.5
Earth Magic    | |  0.5
Poison Magic   | |  0.5
Evocations     | |  2.6

Action                   || total
-------------------------++-------
Melee: Falchion          ||    51
       Punch             ||     1
       Bite              ||     6
 Fire: Hunting sling     ||     2
 Stab: Sleeping          ||     4
Armor: Robe              ||     6
Dodge: Dodged            ||    29
       Rpst.: Falchion   ||    10
